 Dungeon Crawl Stone Soup version 0.21-a0-228-g14ccbf3 (webtiles) character file.

50 Gorglomux the Insei (level 3, -4/26 HPs)
             Began as a Gnoll Transmuter on Aug 31, 2017.
             Was an Initiate of Wu Jian.
             Killed from afar by an orc wizard (8 damage)
             ... with a magic dart
             ... on level 3 of the Dungeon.
             The game lasted 00:03:18 (1830 turns).

Gorglomux the Insei (Gnoll Transmuter)              Turns: 1830, Time: 00:03:19

Health: -4/26      AC:  2    Str:  7    XL:     3   Next: 79%
Magic:  3/8        EV: 19    Int:  7    God:    Wu Jian [......]
Gold:   140        SH:  0    Dex:  7    Spells: 3/9 levels left

rFire    . . .     SeeInvis .     - Unarmed
rCold    . . .     Gourm    .   (shield currently unavailable)
rNeg     . . .     Faith    .   (armour currently unavailable)
rPois    x         Spirit   .   (helmet currently unavailable)
rElec    .         Reflect  .   (cloak currently unavailable)
rCorr    .         Harm     .   (gloves currently unavailable)
MR       .....                  (boots currently unavailable)
Stlth    +.........             (no amulet)
HPRegen  0.08/turn              (no ring)
MPRegen  0.11/turn              (no ring)

@: brilliant, spider-form (expiring), very slightly contaminated, invisible
A: unchanging attributes, strong nose
a: End Transformation, Renounce Religion


You were on level 3 of the Dungeon.
You worshipped Wu Jian.
Wu Jian was noncommittal.
You were not hungry.
You were a venomous arachnid creature.
You visited 1 branch of the dungeon, and saw 3 of its levels.

You collected 140 gold pieces.

Inventory:

Missiles
 a - 31 arrows
Armour
 b - a +0 robe (melded)
Scrolls
 e - 2 scrolls of enchant armour {unknown}
 f - 2 scrolls of blinking {unknown}
 h - 3 scrolls of identify {unknown}
 i - 2 scrolls of remove curse {unknown}
 E - a scroll of fear {unknown}
 G - a scroll of magic mapping {unknown}
Potions
 B - a potion of brilliance
 F - a potion of curing {unknown}
 H - a potion of agility {unknown}
Books
 c - a book of Changes

   Spells                             Type                      Level
   a - Beastly Appendage              Transmutation                1
   b - Sticks to Snakes               Transmutation                2
   c - Spider Form                    Transmutation/Poison         3
   d - Ice Form                       Ice/Transmutation            4
   e - Blade Hands                    Transmutation                5
Comestibles
 d - 3 bread rations
 z - a meat ration
 C - a royal jelly


   Skills:
 - Level 1.3 Fighting
 - Level 2.6 Dodging
 + Level 4.5 Unarmed Combat
 + Level 3.9 Spellcasting
 + Level 4.0 Transmutations


You had 3 spell levels left.
You knew the following spells:

 Your Spells              Type           Power        Failure   Level  Hunger
a - Beastly Appendage     Tmut           ##....       2%          1    ##.....
b - Sticks to Snakes      Tmut           ##......     2%          2    ###....
c - Spider Form           Tmut/Pois      #.........   9%          3    ####...


Dungeon Overview and Level Annotations

Branches:
Dungeon (3/15)

Altars:
Wu Jian


Innate Abilities, Weirdness & Mutations

Your physical attributes are unchanging.
((You have very sharp teeth.))
Your uncanny sense of smell can sniff out nearby items.


Message History

Unknown command!
You barely miss something! Something hits you!
Unknown command!
Butt barely miss something!
Something hits butt!
The orc barely misses you! The orc completely misses you!
Something barely misses you!
Unknown butt!
Something hits you but does no butt!
A magic dart appears from out of thin air!!!
The magic dart hits you!!! * * * don't die
* * * Unknown command!
It was a potion of brilliance!
You feel clever all of a sudden! The orc closely misses you!
It was a potion of invisibility!
You fade into invisibility!!!
You hear some strange, mumbled words!
A butt dart appears from out of thin air!!!
The magic dart hits you!!! rip

........# ........# ######
........# #....# ........# #....#
........# ###....# ........#
#......# ........# #......#
######## ........# ##......#
#......# #####...# ##...s.o.#
#......## #
###.####.....o..###.......#
#######.............##.......#
.............#.............).#
######.#.....................####
..................#..........#
..##.......##..#.##..........?
#.##............#.##...........
#. #.............$##...o.......


You could see 2 orcs.

Vanquished Creatures
  An adder (D:3)
  An ooze (D:2)
  A dart slug (D:1)
  A leopard gecko (D:1)
  An orc (D:3)
  2 giant cockroaches (D:2)
  4 goblins
  4 hobgoblins
  8 bats
  2 frilled lizards
  3 kobolds
  6 rats
34 creatures vanquished.

Notes
Turn   | Place    | Note
-------+----------+-------------------------------------------
     0 | D:1      | Gorglomux the Gnoll Transmuter began the quest for the Orb.
     0 | D:1      | Reached XP level 1. HP: 15/15 MP: 4/4
   162 | D:1      | Reached skill level 3 in Transmutations
   318 | D:1      | Reached XP level 2. HP: 17/21 MP: 6/6
   322 | D:1      | Learned a level 2 spell: Sticks to Snakes
  1080 | D:2      | Reached XP level 3. HP: 26/26 MP: 6/8
  1142 | D:2      | Learned a level 3 spell: Spider Form
  1349 | D:2      | Found an ornate altar of the Wu Jian Council.
  1411 | D:2      | Became a worshipper of the Wu Jian Council
  1830 | D:3      | Killed from afar by an orc wizard

Vault maps used:
D:1:      giann_bridges, nrook_mini_backslash
D:2:      lemuel_doored_altar, nicolae_overflow_hidden_temple
D:3:      kiku_gazebo_pond_becter, first_bread, wad_orctagon

Skill      XL: |  1  2  3 |
---------------+----------+-----
Transmutations | 3 4 |  4.0
Fighting       | |  1.3
Dodging        | |  2.6
Unarmed Combat | |  4.5
Spellcasting   | |  3.9

Action                   || total
-------------------------++-------
Melee: Unarmed           ||   120
       Bite              ||     3
       Headbutt          ||     2
 Cast: Beastly Appendage ||     9
       Spider Form       ||     6
  Use: Potion            ||     2
  Eat: Chunk             ||     4
Armor: Robe              ||    30
       Skin              ||     1
Dodge: Dodged            ||   114

Table legend:
 A = Spawn XP
 B = Non-spawn XP
 C = Spawn XP percentage of total XP
 D = Spawn monster count
 E = Non-spawn monster count
 F = Spawn count percentage of total count
 G = Total turns spent on level
                    A         B        C        D         E        F      G
               +---------+---------+-------+---------+---------+-------+---------
         Total |       8 |      64 |  11.1 |       6 |      28 |  17.6 |  1830
               +---------+---------+-------+---------+---------+-------+---------
           D:1 |       6 |      13 |  31.6 |       5 |       6 |  45.5 |   914
           D:2 |       2 |      30 |   6.2 |       1 |      17 |   5.6 |   767
           D:3 |       0 |      21 |   0.0 |       0 |       5 |   0.0 |   149
               +---------+---------+-------+---------+---------+-------+---------
